 Dungeon Crawl Stone Soup version 0.19-a0-1608-g4cf22de (webtiles) character file.

302 Alarkh the Grave Robber (level 6, -1/41 HPs)
             Began as a Mummy Necromancer on Sept 17, 2016.
             Slain by a slave (3 damage)
             ... led by Pikel
             ... on level 3 of the Dungeon.
             The game lasted 00:05:25 (2652 turns).

Alarkh the Grave Robber (Mummy Necromancer)         Turns: 2652, Time: 00:05:25

Health: -1/41      AC:  2    Str: 12    XL:     6   Next: 14%
Magic:  11/11      EV: 12    Int: 16    God:
Gold:   216        SH:  0    Dex: 12    Spells: 3 memorised, 4 levels left

rFire  x . .     SeeInvis .     a - +0 long sword
rCold  + . .     Gourm    .     i - +0 robe
rNeg   + + +     Faith    .     (no shield)
rPois  ∞         Spirit   .     (no helmet)
rElec  .         Dismiss  .     (no cloak)
rCorr  .         Reflect  .     (no gloves)
MR     .....     Harm     .     (no boots)
Stlth  +.........               h - amulet of rage
                                (no ring)
                                n - ring of loudness (curse)

@: no status effects
A: no food or potions, fire vulnerability, cold resistance 1, negative energy
resistance 3, torment resistance, unbreathing
a: no special abilities


You were on level 3 of the Dungeon.
You were not hungry.

You visited 1 branch of the dungeon, and saw 4 of its levels.

You collected 216 gold pieces.

Inventory:

Hand Weapons
 a - a +0 long sword (weapon)
 c - a +0 dagger
Armour
 i - a +0 robe (worn)
 p - a +2 chain mail of cold resistance
Jewellery
 h - an amulet of rage (around neck)
 n - a cursed ring of loudness (left hand)
Wands
 j - a wand of slowing (26/48)
Scrolls
 d - 2 scrolls of blinking
 e - a scroll of identify
 f - a scroll of remove curse
 g - 2 scrolls of amnesia
 k - 6 scrolls of teleportation {unknown}
 l - a scroll of magic mapping {unknown}
 m - 2 scrolls of immolation {unknown}
 o - a scroll of fog {unknown}
 q - 2 scrolls of recharging {unknown}
Books
 b - a book of Necromancy

   Spells                             Type                      Level
   a - Pain                           Necromancy                   1
   b - Animate Skeleton               Necromancy                   1
   c - Vampiric Draining              Necromancy                   3
   d - Regeneration                   Charms/Necromancy            3
   e - Animate Dead                   Necromancy                   4
   f - Control Undead                 Necromancy                   4


   Skills:
 * Level 2.8 Long Blades
 - Level 1.5 Dodging
 - Level 1.5 Stealth
 + Level 3.7 Spellcasting
 + Level 5.3 Necromancy


You had 4 spell levels left.
You knew the following spells:

 Your Spells              Type           Power        Failure   Level  Hunger
a - Pain                  Necr           ###.         1%          1    N/A
c - Control Undead        Necr           ###.......   21%         4    N/A
e - Vampiric Draining     Necr           ###.......   8%          3    N/A

Dungeon Overview and Level Annotations

Branches:
Dungeon (4/15)
 Temple: D:4-7

Altars:
The Shining One

Annotations:
D:3 Pikel
D:4 Grinder


Innate Abilities, Weirdness & Mutations

You do not eat or drink.
Your flesh is vulnerable to fire.
You are immune to poison.
Your flesh is cold resistant. (rC+)
You are immune to negative energy. (rN+++)
You are immune to unholy pain and torment.
You can survive without breathing.


Message History

The slave barely misses you.
You riposte.
You hit the slave.
The slave is lightly wounded.
Pikel hits you with a whip of flaming! Pikel burns you.
There is a stone staircase leading up here.
The slave hits you! Pikel closely misses you.
You riposte.
You hit Pikel.
Pikel is lightly wounded.
The slave misses you.
You riposte.
You closely miss the slave.
The slave is lightly wounded.
The slave barely misses you.
You riposte.
You hit the slave.
The slave is lightly wounded.
You climb upwards.
There is a stone staircase leading down here.
Pikel hits you with a whip of flaming!
* * * LOW HITPOINT WARNING * * *
Pikel burns you.
* * * LOW HITPOINT WARNING * * *
The slave hits you.
* * * LOW HITPOINT WARNING * * *
The slave hits you.
You die...

.......#.#....# #.....# #.##.#
.......#.#....# ####### #.##.###
....)..#.#....###########.##...#
.......#.#....#...#....##.##.###
.......#.#....#...#.#.....##.#
.......#.#....#...#.#..#...#.#
########.#........+.#.(#.#.#.#
.........#....#.pp#.#..#.#.#.#
.......).#....#.@p#.#....#.#.#
.........#....#.K...#..%.#.#.#
#####'####....#.....#.####...#
..............##+#..#.# #####
........÷...........#.#
#####.###.########..#.# #
#...)............#.# ####
####.....####..#..#.#.########...
..........(...)#..#.......##.....


You could see Pikel and 3 slaves.

Vanquished Creatures
  An ice beast (D:2)
  A slave (D:3)
  A howler monkey (D:4)
  A centaur skeleton (D:3)
  Jessica (D:3)
  Terence (D:3)
  4 adders
  A dart slug (D:2)
  2 leopard geckos
  2 giant cockroaches
  6 goblins
  5 hobgoblins
  4 jackals (D:3)
  3 quokkas
  A ball python (D:2)
  9 bats
  A frilled lizard (D:2)
  6 kobolds
  10 rats
  A fungus (D:1)
61 creatures vanquished.

Notes
Turn   | Place    | Note
-------+----------+-------------------------------------------
     0 | D:1      | Alarkh the Mummy Necromancer began the quest for the Orb.
     0 | D:1      | Reached XP level 1. HP: 13/13 MP: 3/3
   127 | D:1      | Found a glowing golden altar of the Shining One.
   188 | D:1      | Reached XP level 2. HP: 19/19 MP: 1/5
   867 | D:1      | Reached XP level 3. HP: 14/24 MP: 1/7
   923 | D:1      | Learned a level 3 spell: Vampiric Draining
  1574 | D:3      | Noticed Terence
  1603 | D:3      | Noticed an ice beast
  1613 | D:2      | Killed an ice beast
  1613 | D:2      | Reached skill level 1 in Long Blades
  1613 | D:2      | Reached skill level 5 in Necromancy
  1613 | D:2      | Reached XP level 4. HP: 10/30 MP: 0/9
  1613 | D:2      | Reached XP level 5. HP: 12/35 MP: 0/10
  2003 | D:3      | Learned a level 4 spell: Control Undead
  2079 | D:3      | Noticed Jessica
  2085 | D:3      | Killed Jessica
  2139 | D:3      | Killed Terence
  2370 | D:4      | Reached XP level 6. HP: 41/41 MP: 9/11
  2461 | D:4      | Noticed a slave
  2461 | D:4      | Noticed a slave
  2469 | D:4      | Noticed Grinder
  2472 | D:4      | Noticed a slave
  2474 | D:4      | Noticed Pikel
  2474 | D:4      | Noticed a slave
  2501 | D:3      | Killed a slave
  2652 | D:3      | HP: 2/41 [slave[Pikel] (3)]
  2652 | D:3      | Slain by a slave

Vault maps used:
D:1:      dpeg_arrival_tiny_b, amethyst_killhole, minmay_gold_behind_fungi,
          tso_metal_star
D:3:      first_bread, kennysheep_jessica_study, uniq_terence
D:4:      uniq_crazy_yiuf_cottage, uniq_pikel, uniq_grinder

Skill      XL: |  1  2  3  4  5 |
---------------+----------------+-----
Spellcasting   | 3 |  3.7
Long Blades    | 1 2 |  2.8
Necromancy     | 5 |  5.3
Dodging        | |  1.5
Stealth        | |  1.5

Action                   |  1- 3 |  4- 6 || total
-------------------------+-------+-------++-------
Melee: Unarmed           |     2 |       ||     2
       Dagger            |    27 |       ||    27
       Long sword        |    22 |    58 ||    80
 Cast: Pain              |    60 |    34 ||    94
       Vampiric Draining |       |     3 ||     3
  Use: Scroll            |     2 |     1 ||     3
 Stab: Sleeping          |       |     1 ||     1
Armor: Robe              |     7 |    10 ||    17
Dodge: Dodged            |    30 |    43 ||    73
